 Dungeon Crawl Stone Soup version 0.21-a0-404-g291f19a (webtiles) character file.

123 Atlas the Insei (level 4, -5/52 HPs)
             Began as a Draconian Transmuter on Oct 30, 2017.
             Killed from afar by an orc wizard (12 damage)
             ... with a puff of frost
             ... on level 2 of the Dungeon.
             The game lasted 00:02:29 (2480 turns).

Atlas the Insei (Draconian Transmuter)              Turns: 2480, Time: 00:02:30

Health: -5/52      AC: 22    Str: 12    XL:     4   Next: 79%
Magic:  0/7        EV:  2    Int: 14    God:
Gold:   115        SH:  0    Dex: 12    Spells: 1/7 levels left

rFire    . . .     SeeInvis .     - Unarmed
rCold    . . .     Gourm    .   (no shield)
rNeg     + + +     Faith    .   (armour unavailable)
rPois    +         Spirit   .   (helmet currently unavailable)
rElec    .         Reflect  .   (cloak currently unavailable)
rCorr    .         Harm     .   (gloves currently unavailable)
MR       .....     NoTele   +   (boots currently unavailable)
Stlth    +.........             (no amulet)
HPRegen  0.17/turn              (no ring)
MPRegen  0.10/turn              (no ring)

@: tree-form, very slightly contaminated
A: unfitting armour, AC +5
a: no special abilities


You were on level 2 of the Dungeon.
You were hungry.
You were a tree.
You visited 1 branch of the dungeon, and saw 3 of its levels.

You collected 115 gold pieces.

Inventory:

Missiles
 a - 42 arrows
Scrolls
 d - 2 scrolls of blinking {unknown}
 e - 2 scrolls of identify {unknown}
 g - 2 scrolls of teleportation {unknown}
 i - a scroll of magic mapping {unknown}
 n - a scroll of remove curse {unknown}
 r - a scroll of fear {unknown}
Potions
 k - a potion of haste {unknown}
 o - a potion of flight {unknown}
 q - a potion of invisibility {unknown}
Books
 b - a book of Changes

   Spells                             Type                      Level
   a - Beastly Appendage              Transmutation                1
   b - Sticks to Snakes               Transmutation                2
   c - Spider Form                    Transmutation/Poison         3
   d - Ice Form                       Ice/Transmutation            4
   e - Blade Hands                    Transmutation                5
Comestibles
 c - 4 bread rations
 l - 2 royal jellies
 p - 2 meat rations


   Skills:
 - Level 1.1 Fighting
 + Level 0.1 Throwing
 + Level 2.7 Dodging
 + Level 4.3 Unarmed Combat
 + Level 2.3 Spellcasting
 + Level 2.7 Transmutations


You had one spell level left.
You knew the following spells:

 Your Spells              Type           Power        Failure   Level  Hunger
a - Beastly Appendage     Tmut           #.....       8%          1    #......
b - Sticks to Snakes      Tmut           #.......     12%         2    ###....
c - Spider Form           Tmut/Pois      #.........   36%         3    ###....


Dungeon Overview and Level Annotations

Branches:
Dungeon (3/15)

Altars:
Cheibriados


Innate Abilities, Weirdness & Mutations

((Your plain brown scales are hard. (AC +5)))
You cannot fit into any form of body armour.
((You are cold-blooded and may be slowed by cold attacks.))


Message History

You are feeling hungry.
There is an open door here.
Something hits you.
Casting: Spider Form
Confirm with . or Enter, or press ? or * to list all spells.
You miscast Spider Form.
Nothing appears to happen.
You hear some strange, mumbled words.
A magic dart appears from out of thin air!
The magic dart hits you!
* * * LOW HITPOINT WARNING * * *
Sorry, you're not good enough to have a special ability.
It was a potion of lignification.
You turn into a tree.
Your roots penetrate the ground.
Something hits you but does no damage.
You hit the orc.
You kill the orc!
You smack something!
You hear some strange, mumbled words.
A puff of frost appears from out of thin air!
The puff of frost hits you!
You die...

#..........###...............
##.(........'.................
#...........###..#.....#######
#........#.#.....#.....#......
#........#.#...>..............
#........#.####....#####.#####
#........#.# #....#####+## #
#........#.####....##.....# #
#........#...♣)....++.....# #
#........######.)..##.....####
#........# #####.'.......##
###'###### #.....#.........
#.###########.#####.........
#..........##.# #.........
#..........##.# ######....
#.............# #....
#..........#### #....


There were no monsters in sight!

Vanquished Creatures
  An orc priest (D:3)
  4 adders (D:2)
  4 dart slugs
  3 orcs
  2 giant cockroaches (D:1)
  5 hobgoblins
  6 jackals (D:1)
  2 quokkas (D:2)
  2 ball pythons (D:2)
  7 bats
  4 frilled lizards
  2 goblins (D:1)
  5 kobolds
  3 rats
50 creatures vanquished.

Notes
Turn   | Place    | Note
-------+----------+-------------------------------------------
     0 | D:1      | Atlas the Draconian Transmuter began the quest for the Orb.
     0 | D:1      | Reached XP level 1. HP: 16/16 MP: 3/3
   175 | D:1      | Reached XP level 2. HP: 16/23 MP: 5/5
   814 | D:1      | Reached XP level 3. HP: 24/28 MP: 6/6
  1356 | D:2      | Reached skill level 4 in Unarmed Combat
  1386 | D:2      | Reached XP level 4. HP: 16/35 MP: 7/7
  1669 | D:2      | Found a snail-covered altar of Cheibriados.
  2451 | D:2      | Learned a level 2 spell: Sticks to Snakes
  2455 | D:2      | Learned a level 3 spell: Spider Form
  2480 | D:2      | Killed from afar by an orc wizard

Vault maps used:
D:1:      dpeg_arrival_boxes_within_box, minivault_24
D:2:      kennysheep_slug_shrine, first_bread
D:3:      dk_noncrumbling_2, uniq_natasha, uniq_terence

Skill      XL: |  1  2  3 |
---------------+----------+-----
Dodging        | 2 |  2.7
Unarmed Combat | 4 |  4.3
Fighting       | |  1.1
Throwing       | |  0.1
Spellcasting   | |  2.3
Transmutations | |  2.7

Action                   |  1- 3 |  4- 6 || total
-------------------------+-------+-------++-------
Melee: Unarmed           |   123 |    55 ||   178
       Tailslap          |     9 |     4 ||    13
       Headbutt          |     2 |     2 ||     4
       Kick              |     2 |     1 ||     3
       Punch             |     1 |       ||     1
Throw: Javelin           |     1 |     5 ||     6
 Cast: Beastly Appendage |     5 |     4 ||     9
       Spider Form       |       |     1 ||     1
  Use: Potion            |       |     3 ||     3
 Stab: Sleeping          |     5 |     1 ||     6
  Eat: Chunk             |     2 |     3 ||     5
Armor: Skin              |    30 |    16 ||    46
Dodge: Dodged            |    98 |    39 ||   137

Table legend:
 A = Spawn XP
 B = Non-spawn XP
 C = Spawn XP percentage of total XP
 D = Spawn monster count
 E = Non-spawn monster count
 F = Spawn count percentage of total count
 G = Total turns spent on level
                    A         B        C        D         E        F      G
               +---------+---------+-------+---------+---------+-------+---------
         Total |       0 |     176 |   0.0 |       0 |      50 |   0.0 |  2480
               +---------+---------+-------+---------+---------+-------+---------
           D:1 |       0 |      41 |   0.0 |       0 |      25 |   0.0 |  1004
           D:2 |       0 |      88 |   0.0 |       0 |      22 |   0.0 |  1436
           D:3 |       0 |      47 |   0.0 |       0 |       3 |   0.0 |    40
               +---------+---------+-------+---------+---------+-------+---------
